 Dungeon Crawl Stone Soup version 0.29.1 (webtiles) character file.

Game seed: 11466889620255163257

88 SensoryNuts the Sneak (level 4, 0/29 HPs)
             Began as an Octopode Brigand on Sept 14, 2022.
             Succumbed to an adder's poison
             ... on level 2 of the Dungeon.
             The game lasted 00:01:17 (1343 turns).

SensoryNuts the Sneak (Octopode Brigand)            Turns: 1343, Time: 00:01:18

Health: 0/29       AC:  1    Str: 10    XL:     4   Next: 53%
Magic:  4/4        EV: 13    Int: 13    God:
Gold:   25         SH:  0    Dex: 15    Spells: 3/3 levels left

rFire   + + .      SeeInvis .   h - +0 dagger (speed)
rCold   + . .      Faith    .   (no shield)
rNeg    . . .      Spirit   .   (helmet restricted)
rPois   +          Reflect  .   (no amulet)
rElec   +          Harm     .   d - ring of protection from fire
rCorr   +          Rampage  .   (no ring)
Will    .....                   (no ring)
Stlth   +++++.....              (no ring)
HPRegen 0.09/turn               (no ring)
MPRegen 0.09/turn               (no ring)
                                (no ring)
                                (no ring)

@: lethally poisoned (0 -> -1), resistant, on berserk cooldown, slowed, very
slow
A: almost no armour, amphibious, 8 rings, camouflage 1, gelatinous body 1,
(nimble swimmer 1), tentacles
a: no special abilities


You were on level 2 of the Dungeon.
You visited 1 branch of the dungeon, and saw 2 of its levels.

You collected 25 gold pieces.

Inventory:

Hand Weapons
 a - a +2 dagger
 h - a +0 dagger of speed (weapon)
Missiles
 b - 13 poisoned darts (quivered)
 c - 3 curare-tipped darts
Jewellery
 d - a ring of protection from fire (left tentacle)
Scrolls
 e - 3 scrolls of identify


   Skills:
 + Level 2.2 Fighting
 + Level 2.5 Short Blades
 + Level 2.0 Throwing
 + Level 1.1 Dodging
 * Level 7.4 Stealth


You had 3 spell levels left.
You didn't know any spells.
Your spell library contained the following spells:

 Spells                   Type           Power      Damage    Failure   Level
 Slow                     Hex            0%         N/A       30%         1
 Confusing Touch          Hex            0%         N/A       67%         3
 Frozen Ramparts          Ice            0%         1d1       67%         3
 Vampiric Draining        Necr           0%         2d6       67%         3
 Ice Form                 Ice/Tmut       0%         N/A       97%         4
 Summon Ice Beast         Ice/Summ       0%         N/A       97%         4


Dungeon Overview and Level Annotations

Branches:
Dungeon (2/15)

Altars:

Shops:
D:1 (


Innate Abilities, Weirdness & Mutations

You cannot wear most types of armour.
You are amphibious.
You can wear up to eight rings at the same time.
Your skin changes colour to match your surroundings (Stealth+).
Your rubbery body absorbs attacks. (AC +1, EV +1)
((You are camouflaged when in or above water. (Stealth+)))
You have tentacles for arms and can constrict up to eight enemies at once.


Message History

Okay, then.
A red film seems to cover your vision as you go berserk!
You feel yourself moving faster!
You feel mighty!
You constrict the kobold.
You feel sick. The endoplasm hits you. The kobold closely misses you.
The adder bites you.
You are more poisoned.
The adder poisons you!
You puncture the kobold!
You kill the kobold!
You feel sick.
You completely miss the adder. You grab the adder.
You constrict the adder, but do no damage.
You feel sick. The endoplasm freezes you.
You are frozen.
* * * LOW HITPOINT WARNING * * *
The adder bites you but does no damage.
You puncture the adder!
You kill the adder!
You puncture the endoplasm!
You kill the endoplasm!
You feel sick.
You feel sick.
You are too berserk!
You start resting.
You feel a strong urge to attack something.
You feel sick.
You start resting.
You feel sick.
You feel your anger nearly subside.
You are no longer berserk.
You are exhausted.
You feel yourself slow down.
There is a lethal amount of poison in your body!
It was a potion of resistance.
You feel protected.
* * * LOW HITPOINT WARNING * * *
You feel sick.
Okay, then.
* * * LOW HITPOINT WARNING * * *
You feel sick.
You die...

##.##..##..#....##..
#..........###......
#..........##...###.
#..........##.#.#
#..........##. ..#
#.<.).......#. #.#
###...).†........ .#
#.........####... ..
#....@...............
#.........#####..# ..
####..###.# #.## ..#
.. #... ..# ...# ...
#.# ...


There were no monsters in sight!

Vanquished Creatures
  Terence (D:2)
  A gnoll (D:1)
  2 adders (D:2)
  A dart slug (D:1)
  2 endoplasms (D:2)
  A giant cockroach (D:1)
  3 goblins
  4 jackals (D:1)
  5 kobolds
  3 quokkas (D:1)
  2 ball pythons (D:1)
  3 bats
  A frilled lizard (D:1)
  4 rats (D:1)
33 creatures vanquished.

Notes
Turn   | Place    | Note
-------+----------+-------------------------------------------
     0 | D:1      | SensoryNuts the Octopode Brigand began the quest for the
                  | Orb.
     0 | D:1      | Reached XP level 1. HP: 14/14 MP: 1/1
   123 | D:1      | Reached skill level 6 in Stealth
   123 | D:1      | Reached XP level 2. HP: 13/19 MP: 2/2
   768 | D:1      | Reached XP level 3. HP: 21/24 MP: 3/3
   988 | D:1      | Found Ytid's Antique Weapon Emporium.
  1129 | D:2      | Noticed Terence
  1142 | D:2      | Killed Terence
  1143 | D:2      | Reached skill level 7 in Stealth
  1143 | D:2      | Reached XP level 4. HP: 16/29 MP: 4/4
  1342 | D:2      | HP: 1/29 [poisoned by an adder]
  1343 | D:2      | Succumbed to an adder's poison

Illustrated notes

Levels and vault maps discovered:
D:1:      dpeg_arrival_refuge, layout_loops_ring, serial_shops, shop,
          minmay_pentomino_z2
D:2:      layout_rooms, basic_altar, shapermc_ecumenical_altar_venn,
          uniq_terence

Skill      XL: |  1  2  3 |
---------------+----------+-----
Stealth        | 6 7 |  7.4
Fighting       | |  2.2
Short Blades   | |  2.5
Throwing       | |  2.0
Dodging        | |  1.1

Action                   |  1- 3 |  4- 6 || total
-------------------------+-------+-------++-------
Melee: Dagger            |    57 |    13 ||    70
       Constrict         |    11 |     3 ||    14
       Tentacles         |    11 |     2 ||    13
  Use: Scroll            |     4 |       ||     4
       Potion            |       |     2 ||     2
 Stab: Sleeping          |    12 |     2 ||    14
Armor: Skin              |     3 |     1 ||     4
Dodge: Dodged            |    19 |     6 ||    25
